[Event "*** SCC Grand Prix: Titled Tuesday Blitz"]
[Site "Chess.com"]
[Date "2020.08.11"]
[Round "8"]
[White "dosto07"]
[Black "maxip32"]
[Result "1-0"]
[WhiteElo "2305"]
[BlackElo "2444"]
[TimeControl "180+1"]
[EndTime "11:33:36 PDT"]
[Termination "dosto07 won on time"]

1. d4 Nf6 2. Nf3 g6 3. Bf4 Bg7 4. e3 O-O 5. h3 d6 6. Be2 b6 7. O-O Bb7 8. c4 Ne4 9. Nbd2 Nxd2 10. Qxd2 Nd7 11. Rfe1 Nf6 12. d5 c6 13. dxc6 Bxc6 14. Nd4 Bb7 15. Bh2 Rc8 16. Rac1 Ne4 17. Qd1 a6 18. Bf3 e5 19. Ne2 f5 20. Bxe4 Bxe4 21. Nc3 Bb7 22. Qb3 Kh8 23. Red1 Qc7 24. Nd5 Bxd5 25.
Rxd5 b5 26. Rcd1 bxc4 27. Qa3 Rf6 28. Rxd6 Bf8 29. Bxe5 Bxd6 30. Rxd6 1-0

[Event "*** SCC Grand Prix: Titled Tuesday Blitz"]
[Site "Chess.com"]
[Date "2020.08.11"]
[Round "8"]
[White "kakakz"]
[Black "Chuchofrio1"]
[Result "1-0"]
[WhiteElo "2437"]
[BlackElo "2279"]
[TimeControl "180+1"]
[EndTime "11:33:36 PDT"]
[Termination "kakakz won by checkmate"]

1. d4 d5 2. Nf3 Nf6 3. g3 e6 4.
Bg2 b5 5. a4 b4 6. c3 Bb7 7. O-O a5 8. cxb4 axb4 9. Nbd2 Bd6 10. Nb3 O-O 11. Bg5 h6 12. Bf4 Nbd7 13. Ne5 Nh5 14. Nxd7 Nxf4 15. Nxf8 Nxg2 16. Nxe6 fxe6 17. Kxg2 Qf6 18. f4 Rf8 19. e3 Qg6 20. Rc1 c5 21. Nxc5 Bxc5 22. Rxc5 Ba6 23. Rf2 Bd3 24. a5 Be4+ 25.
Kg1 Ra8 26. Qa4 Qg4 27. Rc1 b3 28. a6 h5 29. Qxb3 h4 30. Qd1 Qg6 31. g4 h3 32.
g5 Rxa6 33. Rc8+ Kh7 34. Qg4 Ra1+ 35. Rf1 Rxf1+ 36. Kxf1 Bg2+ 37. Kf2 Qd3 38. Qh5# 1-0

[Event "*** SCC Grand Prix: Titled Tuesday Blitz"]
[Site "Chess.com"]
[Date "2020.08.11"]
[Round "8"]
[White "Ave_Mariia"]
[Black "Alexandr_Kholin"]
[Result "0-1"]
[WhiteElo "2395"]
[BlackElo "2519"]
[TimeControl "180+1"]
[EndTime "11:33:37 PDT"]
[Termination "Alexandr_Kholin won by checkmate"]

1. d4 d5 2. c4 e6 3. Nf3 Be7 4. g3 Nf6 5. Bg2 O-O 6. O-O Nbd7 7. Qc2 dxc4 8. Nbd2 b5 9. Ne5 Nxe5 10. Bxa8 Qxd4 11. Nf3 Nxf3+ 12. Bxf3 Nd5 13. a3 Bb7 14. Rd1 Qc5 15. e4 Nb6 16. Be3 Qc6 17. Bg2 h6 18. Rd2 a5 19. f4 Bc5 20. Bf2 Bxf2+ 21. Rxf2 Qc5 22.
Kh1 b4 23. axb4 axb4 24. Rd2 e5 25. Ra7 Rb8 26. Qd1 c3 27. bxc3 bxc3 28. Rc2 Nc4 29. Rxb7 Rxb7 30. Rxc3 Qb4 31. Rc1 Ne3 32. Qd8+ Kh7 33.
Qd7 c5 34. Qc8 Nxg2 35. Rxc5 Ne3 36. Rxe5 Qe1# 0-1

[Event "*** SCC Grand Prix: Titled Tuesday Blitz"]
[Site "Chess.com"]
[Date "2020.08.11"]
[Round "8"]
[White "chito89"]
[Black "wild_cat99"]
[Result "1-0"]
[WhiteElo "2758"]
[BlackElo "2632"]
[TimeControl "180+1"]
[EndTime "11:33:38 PDT"]
[Termination "chito89 won by checkmate"]

1. c4 Nf6 2. Nc3 e5 3. Nf3 Nc6 4. g3 d5 5. cxd5 Nxd5 6. Bg2 Be6 7. O-O Be7 8. d3 O-O 9. Bd2 Nb6 10. a3 a5 11. Na4 Qd7 12. Nxb6 cxb6 13. Be3 b5 14. Rc1 Rfd8 15. Nd2 Bh3 16. Bxh3 Qxh3 17. Qb3 b4 18. a4 Rd6 19. Nf3 h5 20. Rc4 h4 21. Nxh4 g5 22. Nf3 g4 23. Nd2 Kg7 24. Rfc1 Rh8 25. Nf1 Nd4 26. Bxd4 exd4 27. Rc7 Bg5 28. Qxf7+ Kh6 29. Qg7+ Kh5 30. Qxh8+ Kg6 31. Qg7+ Kf5 32. R1c5+ Ke6 33. Qf7# 1-0

[Event "*** SCC Grand Prix: Titled Tuesday Blitz"]
[Site "Chess.com"]
[Date "2020.08.11"]
[Round "8"]
[White "pastouche06"]
[Black "northridgehawk"]
[Result "1-0"]
[WhiteElo "2495"]
[BlackElo "2310"]
[TimeControl "180+1"]
[EndTime "11:33:39 PDT"]
[Termination "pastouche06 won by resignation"]

1. d4 Nf6 2. c4 g6 3. f3 d5 4.
cxd5 Nxd5 5. e4 Nb6 6. Nc3 Bg7 7. Be3 Nc6 8. d5 Na5 9. Bd4 e5 10. Bxb6 axb6 11. b4 O-O 12. bxa5 Rxa5 13. Qd2 Bd7 14. Bd3 h5 15. Nge2 Kh7 16. O-O Bh6 17. Qc2 Qe7 18.
a4 c6 19. Kh1 Rfa8 20. Bc4 Qc5 21. dxc6 bxc6 22. Bxf7 Kg7 23. Bb3 b5 24. Rad1 Bc8 25. axb5 cxb5 26. Nd5 Qxc2 27. Bxc2 Ra2 28. Bd3 Rb8 29.
Nec3 Rb2 30. Rb1 Rd2 31. Bxb5 Be6 32. Rfd1 Kf7 33. Bf1 Rxb1 34. Rxb1 h4 35. Rd1 Rf2 36. h3 Rc2 37. Nb5 Bd2 38. Na3 Rb2 39. Nc4 1-0

[Event "*** SCC Grand Prix: Titled Tuesday Blitz"]
[Site "Chess.com"]
[Date "2020.08.11"]
[Round "8"]
[White "seorobert1971"]
[Black "Aygehovit1992"]
[Result "1-0"]
[WhiteElo "2741"]
[BlackElo "2619"]
[TimeControl "180+1"]
[EndTime "11:33:40 PDT"]
[Termination "seorobert1971 won by resignation"]

1. c4 e5 2. Nc3 Nc6 3. Nf3 g6 4. g3 Bg7 5. Bg2 f5 6. d3 Nf6 7. O-O d6 8. Rb1 a5 9. a3 h6 10. b4 axb4 11. axb4 O-O 12. Nd2 Nd4 13. e3 Ne6 14. b5 g5 15. Nd5 f4 16. Bb2 Nc5 17.
d4 Nd3 18. Ba1 exd4 19. exd4 fxg3 20. hxg3 Bf5 21. Nxf6+ Qxf6 22. Ne4 Bxe4 23. Bxe4 Nxf2 24. Qe2 Rxa1 25. Rxa1 Qxd4 26. Bd5+ Kh8 27. Kg2 c6 28. bxc6 bxc6 29. Bxc6 Qc5 30. Ra6 Bd4 31. Qe7 Bg7 32. Bd5 Qd4 33. Ra7 Ng4 34. Rxf8+ Kh7 35. Be4+ 1-0

[Event "*** SCC Grand Prix: Titled Tuesday Blitz"]
[Site "Chess.com"]
[Date "2020.08.11"]
[Round "8"]
[White "Fandorine"]
[Black "abykhovsky"]
[Result "1-0"]
[WhiteElo "2909"]
[BlackElo "2760"]
[TimeControl "180+1"]
[EndTime "11:33:42 PDT"]
[Termination "Fandorine won by resignation"]

1. e4 c5 2. b3 Nf6 3. e5 Nd5 4. Bb2 Nc6 5. Nf3 g6 6. Bc4 Nb6 7. Bb5 Bg7 8. Bxc6 bxc6 9. d3 O-O 10. O-O d6 11. Re1 Bg4 12. Nbd2 a5 13. a4 dxe5 14.
Bxe5 f6 15. Bb2 e5 16. h3 Bf5 17. Ne4 Nd7 18. Nfd2 Qc7 19. Nc4 Rfd8 20. Qe2 Bf8 21. Qf3 Kg7 22. Nxf6 Nxf6 23. Bxe5 Qf7 24. g4 Be6 25. g5 Be7 26. Qxc6 Bxh3 27. gxf6+ Bxf6 28. Bxf6+ Qxf6 29. Qxf6+ Kxf6 30. Re5 Rac8 31. Rae1 Bf5 32. Nxa5 Rd4 33. f3 Rf8 34. Nc4 Rf4 35. R1e3 g5 36. Rxc5 g4 37. fxg4 Rxg4+ 38. Kf2 Kg7 39. Rf3 Bg6 40. Rxf8 Kxf8 41. a5 Rg1 42. Kxg1 1-0

[Event "*** SCC Grand Prix: Titled Tuesday Blitz"]
[Site "Chess.com"]
[Date "2020.08.11"]
[Round "8"]
[White "Ariadna_Atreides"]
[Black "GMJustin"]
[Result "0-1"]
[WhiteElo "2044"]
[BlackElo "2269"]
[TimeControl "180+1"]
[EndTime "11:33:43 PDT"]
[Termination "GMJustin won on time"]

1. d4 d5 2. Nf3 Nf6 3. e3 e6 4. Bd3 c5 5. O-O c4 6. Be2 b5 7. b3 Bb7 8. a4 a6 9. Ne5 Nbd7 10. f4 Ne4 11. f5 Nxe5 12. dxe5 exf5 13. Rxf5 Bc5 14.
axb5 axb5 15. Rxa8 Qxa8 16. e6 fxe6 17. Re5 O-O 18.
Rxe6 Qa1 19. Rxe4 dxe4 20. Bd2 Rd8 21. bxc4 Bxe3+ 22. Kh1 Bxd2 23. cxb5 Ba5 0-1

[Event "*** SCC Grand Prix: Titled Tuesday Blitz"]
[Site "Chess.com"]
[Date "2020.08.11"]
[Round "8"]
[White "Nikithebest"]
[Black "Yashasd1995"]
[Result "0-1"]
[WhiteElo "2423"]
[BlackElo "2527"]
[TimeControl "180+1"]
[EndTime "11:33:45 PDT"]
[Termination "Yashasd1995 won by resignation"]

1. e4 d5 2. exd5 Nf6 3. d4 Bg4 4. f3 Bf5 5. Bb5+ Nbd7 6. c4 e6 7. dxe6 fxe6 8. Ne2 c6 9. Ba4 Bd6 10. Bc2 Qc7 11. g3 O-O-O 12. Nbc3 Rhe8 13. Be3 g6 14. Qd2 e5 15. d5 Bc5 16. Bxf5 gxf5 17. O-O-O Qa5 18.
Kb1 e4 19. f4 Ng4 20. Bxc5 Nxc5 21. Nd4 e3 22. Qc2 Nf2 23. Qxf5+ Kb8 24. dxc6 Nxh1 25. cxb7 Kxb7 26. Qf7+ Qc7 27. Qxc7+ Kxc7 28. Rxh1 a6 29. Nce2 Re4 30. Rd1 Ne6 31. Nxe6+ Rxe6 32. Rxd8 Kxd8 33. Kc2 Rd6 34. Kc3 Rd2 35. Nd4 Rxd4 0-1

[Event "*** SCC Grand Prix: Titled Tuesday Blitz"]
[Site "Chess.com"]
[Date "2020.08.11"]
[Round "8"]
[White "realmadridtv"]
[Black "temus_galaktionov"]
[Result "0-1"]
[WhiteElo "2464"]
[BlackElo "2673"]
[TimeControl "180+1"]
[EndTime "11:33:46 PDT"]
[Termination "temus_galaktionov won by resignation"]

1. d4 c6 2. c4 g6 3. g3 Bg7 4.
Bg2 d6 5. Nf3 Nd7 6. O-O Ngf6 7.
Nc3 O-O 8. e4 e5 9. Re1 Re8 10.
b3 Qc7 11. Bb2 a5 12. Qc2 exd4 13. Nxd4 Nc5 14. Rad1 Bd7 15. h3 Rad8 16. Kh2 Bc8 17. a3 Qb6 18. Ba1 h6 19. f4 Re7 20. Qb1 Rde8 21.
b4 axb4 22. axb4 Na6 23. Nc2 Qc7 24. Qc1 Be6 25. Bf1 Qb6 26. Qe3 Qc7 27. c5 dxc5 28. bxc5 Bb3 29. Bd3 Qa5 30. e5 Nxc5 31. Qf2 Nxd3 32.
Rxd3 Nd5 33. Nxd5 Bxd5 34. f5 Bxe5 35. f6 Bxg3+ 36. Rxg3 Rxe1 37. Rxg6+ fxg6 38. f7+ Bxf7 39. Nxe1 Qxa1 40. Nf3 Qf6 41. Qg2 Bd5 42. Qg3 Bxf3 0-1

[Event "*** SCC Grand Prix: Titled Tuesday Blitz"]
[Site "Chess.com"]
[Date "2020.08.11"]
[Round "8"]
[White "ace_mar"]
[Black "deribas12345"]
[Result "1-0"]
[WhiteElo "2476"]
[BlackElo "2598"]
[TimeControl "180+1"]
[EndTime "11:33:47 PDT"]
[Termination "ace_mar won by resignation"]

1. d4 Nf6 2. c4 c5 3. d5 b5 4. cxb5 a6 5. bxa6 Bxa6 6. Nc3 d6 7. Nf3 g6 8. e4 Bxf1 9. Kxf1 Qc8 10. h4 Bg7 11. g3 h5 12. Kg2 Nbd7 13. a4 O-O 14. Qe2 e6 15. dxe6 fxe6 16. Rd1 Qc6 17. Bf4 Ne8 18. Nb5 d5 19. exd5 exd5 20. Qd3 d4 21.
Qc4+ Kh8 22. Nxd4 Qe4 23. Qe2 Qb7 24. Ne6 Nef6 25. Nxf8 Rxf8 26. Kg1 Ng4 27. a5 Bd4 28. Nxd4 cxd4 29. Rxd4 Nc5 30. Rad1 Qf7 31. Rd8 Rxd8 32. Rxd8+ Kh7 33. Re8 Qf6 34. Qe7+ Qxe7 35. Rxe7+ Kg8 36.
Rc7 Ne6 37. a6 Nxc7 38. Bxc7 1-0

[Event "*** SCC Grand Prix: Titled Tuesday Blitz"]
[Site "Chess.com"]
[Date "2020.08.11"]
[Round "8"]
[White "vrekhson"]
[Black "Sultanasharminshirin"]
[Result "1-0"]
[WhiteElo "2155"]
[BlackElo "2027"]
[TimeControl "180+1"]
[EndTime "11:33:47 PDT"]
[Termination "vrekhson won on time"]

1. e4 c5 2. Nf3 e6 3. c4 Nc6 4. Nc3 g6 5. d4 cxd4 6. Nxd4 Bg7 7. Be3 a6 8. Qd2 Nge7 9. Be2 O-O 10. O-O Qc7 11.
Rfd1 Ne5 12. b3 b6 13. Rac1 Bb7 14. f4 N5c6 15. Bf3 Rfd8 16. Na4 Rab8 17. Ne2 Ba8 18. e5 Nf5 19. Bf2 h5 20. c5 bxc5 21. Nxc5 Bb7 22. Nc3 d5 23. exd6 Rxd6 24. Qe2 Rxd1+ 25. Rxd1 Bf8 26.
Rd7 Qc8 27. Rd1 a5 28. N3e4 Nb4 29. Nxb7 Rxb7 30. Nf6+ Kg7 31. Bxb7 Qxb7 32. Qe5 1-0

[Event "*** SCC Grand Prix: Titled Tuesday Blitz"]
[Site "Chess.com"]
[Date "2020.08.11"]
[Round "8"]
[White "zmarian"]
[Black "rynos0411"]
[Result "0-1"]
[WhiteElo "2190"]
[BlackElo "2335"]
[TimeControl "180+1"]
[EndTime "11:33:50 PDT"]
[Termination "rynos0411 won by resignation"]

1. g3 g6 2. Bg2 Bg7 3. Nf3 Nf6 4.
O-O O-O 5. d3 d5 6. Nbd2 c6 7.
Rb1 Re8 8. b4 e5 9. c4 Bf5 10.
Nh4 Be6 11. Qc2 Nbd7 12. Bb2 Qe7 13. e4 Rac8 14. Nhf3 d4 15. Ng5 c5 16. Nxe6 Qxe6 17. b5 Nh5 18. Rbe1 Kh8 19. Bc1 a6 20. a4 axb5 21.
axb5 Ra8 22. f4 exf4 23. gxf4 Bh6 24. Nb3 Qg4 25. f5 Nf4 26. Bxf4 Bxf4 27. fxg6 fxg6 28.
Rf3 Be3+ 29. Kh1 b6 30. Ref1 Ne5 31. Rf6 Rab8 32. Qd1 Qh4 33. Na1 Ng4 34. h3 Nxf6 35. Nc2 Nh5 36. Qe1 Ng3+ 37. Kh2 Nxf1+ 38. Qxf1 Qf4+ 39.
Qxf4 Bxf4+ 0-1

[Event "*** SCC Grand Prix: Titled Tuesday Blitz"]
[Site "Chess.com"]
[Date "2020.08.11"]
[Round "8"]
[White "Sadykov_Ramil"]
[Black "FMJoseHerrera"]
[Result "1-0"]
[WhiteElo "2428"]
[BlackElo "2508"]
[TimeControl "180+1"]
[EndTime "11:33:51 PDT"]
[Termination "Sadykov_Ramil won on time"]

1. e4 c5 2. Nf3 e6 3. d4 cxd4 4. Nxd4 a6 5. Nc3 Qc7 6. Qf3 b5 7. Bf4 d6 8. e5 Bb7 9. exd6 Qb6 10. Qe3 Nd7 11. O-O-O Ngf6 12. Be2 b4 13. Na4 Qa5 14. b3 Nd5 15. Qg3 Nc3 16. Nxc3 bxc3 17. Kb1 e5 18. Rhe1 exf4 19. Bh5+ Kd8 20. Bxf7 Bxd6 21.
Qxg7 Kc7 22. Ne6+ Kb6 23. Rxd6+ Ka7 24. Rxd7 Rac8 25. Bh5 Qa3 26. Rxb7+ 1-0

[Event "*** SCC Grand Prix: Titled Tuesday Blitz"]
[Site "Chess.com"]
[Date "2020.08.11"]
[Round "8"]
[White "Chessdemon2019"]
[Black "Grineva_Marianna"]
[Result "0-1"]
[WhiteElo "2335"]
[BlackElo "2213"]
[TimeControl "180+1"]
[EndTime "11:33:51 PDT"]
[Termination "Grineva_Marianna won by checkmate"]

1. e4 d6 2. d4 Nf6 3. Nc3 g6 4. Bg5 Bg7 5. e5 dxe5 6. dxe5 Qxd1+ 7. Rxd1 Ng4 8. Nd5 Na6 9. Bxa6 Bxe5 10. Be2 f6 11.
Bf4 c6 12. Bxe5 cxd5 13. Bg3 Kf7 14. Nf3 e5 15. h3 Nh6 16. O-O Be6 17. Rfe1 Nf5 18.
Bh2 Rac8 19. c3 a6 20. g4 Nd6 21. g5 Bxh3 22. gxf6 Ne4 23. Bxe5 g5 24. Bd3 Bg4 25. Bxe4 dxe4 26. Nxg5+ Kg6 27. Nxe4 Bxd1 28. Rxd1 Kf5 29. Nd6+ Kxe5 30. Nxc8 Rxc8 31. f7 Rf8 32. Rd7 b5 33. Ra7 h5 34. Kg2 Kf4 35. Kh3 Kg5 36. f3 Rd8 37. b3 Rf8 38. c4 Kf4 39. c5 Kxf3 40. Kh4 Kf4 41. Kxh5 Kf5 42. c6 Rh8# 0-1

[Event "*** SCC Grand Prix: Titled Tuesday Blitz"]
[Site "Chess.com"]
[Date "2020.08.11"]
[Round "8"]
[White "elcandado"]
[Black "Gusarov91"]
[Result "0-1"]
[WhiteElo "2545"]
[BlackElo "2662"]
[TimeControl "180+1"]
[EndTime "11:33:54 PDT"]
[Termination "Gusarov91 won by resignation"]

1. d4 Nf6 2. Bf4 d6 3. e3 Nbd7 4. Nf3 Nh5 5. Bg3 Nxg3 6. hxg3 c5 7. c3 Qb6 8. Qb3 g6 9. Nbd2 Qxb3 10. axb3 Bg7 11.
Be2 O-O 12. O-O b6 13. Ba6 Nb8 14. Bxc8 Rxc8 15. Nc4 Nd7 16. Ra2 a5 17. Na3 a4 18.
bxa4 Rxa4 19. Raa1 Rca8 20. Nc2 Ra2 21. Rxa2 Rxa2 22.
Rb1 e5 23. dxe5 Nxe5 24. Nxe5 Bxe5 25. e4 Bxc3 26. bxc3 Rxc2 27. Rxb6 Rc1+ 28. Kh2 Rd1 29. Rc6 f6 30. Rc7 g5 31. g4 Rd3 32. Rd7 Kf8 33. c4 Rd4 34. f3 Ke8 35. Rxh7 Rxc4 36. Kg3 Rc2 37. f4 Rc3+ 38. Kf2 gxf4 39. Ke2 Re3+ 40. Kf2 Rxe4 41. Kf3 Rd4 42. g5 fxg5 43. Kg4 c4 44. Kxg5 d5 45. Kf5 c3 46. Rh1 c2 47. Rc1 Rd2 48. Kxf4 d4 49. Ke4 d3 0-1

[Event "*** SCC Grand Prix: Titled Tuesday Blitz"]
[Site "Chess.com"]
[Date "2020.08.11"]
[Round "8"]
[White "IriBu"]
[Black "allvim"]
[Result "1-0"]
[WhiteElo "2490"]
[BlackElo "2373"]
[TimeControl "180+1"]
[EndTime "11:33:54 PDT"]
[Termination "IriBu won by resignation"]

1. e4 c5 2. Nf3 d6 3. d4 cxd4 4. Nxd4 Nf6 5. Nc3 a6 6. h3 e5 7.
Nb3 h5 8. f4 Qc7 9. Be3 Be6 10.
Qd2 Nbd7 11. O-O-O Be7 12. Kb1 Rc8 13. Be2 b5 14. Bf3 Nb6 15. Bxb6 Qxb6 16. f5 Bc4 17. g4 a5 18. g5 Nd7 19. Nd5 Bxd5 20. Qxd5 a4 21.
Nc1 Qc5 22. Rh2 Nb6 23. Qxc5 Rxc5 24. h4 Nc4 25. Nd3 Rc8 26. a3 Nb6 27. Nb4 Rc5 28. b3 axb3 29. cxb3 Rc3 30. Rd3 Rxd3 31. Nxd3 Kd7 32.
Nb4 Rc8 33. Rc2 Rxc2 34. Kxc2 g6 35. fxg6 fxg6 36. Nd5 Nxd5 37. exd5 Kc7 38. Be4 Kb6 1-0

[Event "*** SCC Grand Prix: Titled Tuesday Blitz"]
[Site "Chess.com"]
[Date "2020.08.11"]
[Round "8"]
[White "Anton_Demchenko"]
[Black "penguingm1"]
[Result "1-0"]
[WhiteElo "2852"]
[BlackElo "2993"]
[TimeControl "180+1"]
[EndTime "11:33:55 PDT"]
[Termination "Anton_Demchenko won by checkmate"]

1. e4 e5 2. Nf3 Nc6 3. Nc3 Nf6 4. d4 exd4 5. Nxd4 Bb4 6. Nxc6 bxc6 7. Bd3 d5 8. exd5 cxd5 9. O-O O-O 10. h3 c6 11.
Qf3 h6 12. Bf4 Bd6 13. b3 Rb8 14. Rfe1 Rb4 15. Bxd6 Qxd6 16. Rad1 Rf4 17. Qe2 Rh4 18. Qe5 Qb4 19. Na4 Bxh3 20. gxh3 Rxh3 21. c4 dxc4 22. Bxc4 Re8 23. a3 Rxe5 24. axb4 Rg5+ 25. Kf1 Ng4 26.
Re8+ Kh7 27. Rdd8 g6 28. Re7 Rf5 29. Bxf7 Rxf7 30. Rxf7# 1-0

[Event "*** SCC Grand Prix: Titled Tuesday Blitz"]
[Site "Chess.com"]
[Date "2020.08.11"]
[Round "8"]
[White "AnonymousIM2023"]
[Black "JesseKraai"]
[Result "1-0"]
[WhiteElo "2665"]
[BlackElo "2546"]
[TimeControl "180+1"]
[EndTime "11:33:55 PDT"]
[Termination "AnonymousIM2023 won by resignation"]

1. d4 d6 2. Nf3 Nd7 3. g3 e5 4.
Nc3 Ngf6 5. e4 c6 6. Bg2 b5 7.
a3 Be7 8. O-O Qc7 9. Re1 O-O 10.
h3 Bb7 11. Be3 a6 12. Qd2 Rfe8 13. Nh4 g6 14. Nf3 Bf8 15. Bg5 Bg7 16. Rad1 Rad8 17. b4 Nb6 18. Bf1 exd4 19. Nxd4 c5 20. Nb3 Na4 21. Nxa4 bxa4 22. Na5 Ba8 23. Bg2 h6 24.
Bxh6 Bxh6 25. Qxh6 Bxe4 26. Qf4 Bxg2 27. Kxg2 cxb4 28. axb4 Rxe1 29. Rxe1 Qc3 30. Re3 Qb2 31. Nc4 Qa1 32. Ra3 Qd4 33. Qxd4 1-0

[Event "*** SCC Grand Prix: Titled Tuesday Blitz"]
[Site "Chess.com"]
[Date "2020.08.11"]
[Round "8"]
[White "SzMM19"]
[Black "Xeslu"]
[Result "1-0"]
[WhiteElo "2473"]
[BlackElo "2299"]
[TimeControl "180+1"]
[EndTime "11:33:55 PDT"]
[Termination "SzMM19 won by resignation"]

1. b3 e5 2. Bb2 Nc6 3. e3 Nf6 4. Bb5 Bd6 5. Na3 a6 6. Bxc6 dxc6 7. Nc4 Qe7 8. Nf3 Bg4 9. h3 Bh5 10. g4 Bg6 11. Nfxe5 O-O-O 12. Nxg6 hxg6 13. Qf3 Nd7 14. Bxg7 Rhg8 15. Bb2 Ne5 16. Nxe5 Bxe5 17. Bxe5 Qxe5 18. Ke2 Qb2 19. Rac1 Kb8 20. a4 Rgf8 21. h4 f5 22. g5 Rde8 23. d3 Qc3 24. h5 gxh5 25. Rxh5 Qb2 26. Kd2 Rd8 27. Rhh1 c5 28. g6 Qf6 29.
Rhg1 Qe6 30. Qf4 Rg8 31. Rg5 Rxg6 32. Rxf5 Qg8 33. Rxc5 Rg2 34. Rxc7 Ka8 35. Rf7 Qh8 36. Qf3 1-0

[Event "*** SCC Grand Prix: Titled Tuesday Blitz"]
[Site "Chess.com"]
[Date "2020.08.11"]
[Round "8"]
[White "PawnEatingZombie"]
[Black "Ole83"]
[Result "0-1"]
[WhiteElo "2210"]
[BlackElo "2357"]
[TimeControl "180+1"]
[EndTime "11:33:55 PDT"]
[Termination "Ole83 won by resignation"]

1. d4 Nf6 2. c4 e6 3. Nc3 Bb4 4. Qc2 c5 5. dxc5 Na6 6. a3 Bxc3+ 7. Qxc3 Nxc5 8. b4 Nce4 9. Qb2 d5 10. f3 Nd6 11. c5 Nf5 12. e3 O-O 13. Bd3 Re8 14.
Bxf5 exf5 15. Ne2 Bd7 16. O-O b6 17. Qd4 bxc5 18. bxc5 Bb5 19. Rf2 Rc8 20. Bb2 Qe7 21. Nf4 Qxc5 22. Rd1 Bc4 23. Qc3 Qxe3 24. Qxe3 Rxe3 25.
Bxf6 gxf6 26. Nxd5 Bxd5 27. Rxd5 Rxa3 28. h4 Kg7 29. Rxf5 Rc4 30. g3 a5 31. Rb5 a4 32.
Ra5 Ra1+ 33. Kg2 a3 34. Re2 Rb4 35. Kh3 Rh1+ 36. Kg2 Ra1 37. Re7 h5 38. Raa7 Rb2+ 0-1

[Event "*** SCC Grand Prix: Titled Tuesday Blitz"]
[Site "Chess.com"]
[Date "2020.08.11"]
[Round "8"]
[White "ChronicUnhappiness"]
[Black "Iris77"]
[Result "1-0"]
[WhiteElo "2355"]
[BlackElo "2074"]
[TimeControl "180+1"]
[EndTime "11:33:57 PDT"]
[Termination "ChronicUnhappiness won on time"]

1. d4 e6 2. c4 f5 3. Nf3 Nf6 4. g3 Be7 5. Bg2 O-O 6. O-O d6 7. Nc3 Ne4 8. Qc2 Nxc3 9. Qxc3 Nd7 10. b3 Bf6 11. Bb2 Qe8 12. Qc2 Qg6 13. Rfe1 e5 14.
dxe5 dxe5 15. Rad1 e4 16. Nd4 Ne5 17. f3 c6 18. f4 Ng4 19. e3 Qh5 20. Bf1 Qg6 21.
c5 h5 22. Qg2 h4 23. Bc4+ Kh7 24. h3 Nh6 25. gxh4 Bxh4 26. Qxg6+ Kxg6 27. Re2 Kh7 28. Kh2 Bf6 29. Red2 1-0

[Event "*** SCC Grand Prix: Titled Tuesday Blitz"]
[Site "Chess.com"]
[Date "2020.08.11"]
[Round "8"]
[White "Msb2"]
[Black "wonderfultime"]
[Result "0-1"]
[WhiteElo "2812"]
[BlackElo "2981"]
[TimeControl "180+1"]
[EndTime "11:33:58 PDT"]
[Termination "wonderfultime won by checkmate"]

1. d4 d5 2. c4 e6 3. Nc3 Nf6 4. cxd5 exd5 5. Bg5 c6 6. e3 Bd6 7. Bd3 Nbd7 8. Nge2 Nf8 9. h3 Ng6 10. Qc2 h6 11. Bxf6 Qxf6 12. e4 dxe4 13. Nxe4 Bb4+ 14. N2c3 Qxd4 15. O-O-O O-O 16. a3 Bxc3 17. Nxc3 Qf4+ 18. Kb1 Ne5 19. g3 Qf6 20. Bh7+ Kh8 21. Ne4 Qe7 22.
Nd6 g6 23. f4 Kxh7 24. Rhe1 Be6 25. fxe5 Rad8 26. g4 Rd7 27. Ne4 Kg7 28. Nd6 Rfd8 29. Rf1 Kg8 30. Rde1 a5 31. Qd2 Qg5 32. Qxa5 Rxd6 33.
h4 Qd2 34. Qa7 Qd3+ 35. Ka1 Qd1+ 36. Rxd1 Rxd1+ 37. Rxd1 Rxd1# 0-1

[Event "*** SCC Grand Prix: Titled Tuesday Blitz"]
[Site "Chess.com"]
[Date "2020.08.11"]
[Round "8"]
[White "Azatic"]
[Black "Supernotar"]
[Result "0-1"]
[WhiteElo "2541"]
[BlackElo "2710"]
[TimeControl "180+1"]
[EndTime "11:33:58 PDT"]
[Termination "Supernotar won by checkmate"]

1. e4 c6 2. d4 d5 3. e5 Bf5 4. Nf3 e6 5. Be2 Nd7 6. O-O h6 7. b3 Ne7 8. c4 Bg6 9. Nc3 Nf5 10. Bd3 Be7 11. Ne2 O-O 12. Nf4 Bh7 13. Qc2 Kh8 14. cxd5 cxd5 15. Nxd5 Nxd4 16. Nxd4 Bxd3 17. Qxd3 Nxe5 18.
Qh3 Qxd5 19. Bb2 Bf6 20. Rad1 Qe4 21. Rfe1 Qg6 22. Nxe6 fxe6 23. Bxe5 Bxe5 24. Rxe5 Rxf2 25. Rxe6 Rxg2+ 26. Qxg2 Qxe6 27. Qxb7 Qe3+ 28. Kh1 Rf8 29. Rg1 Qd4 30. Qc6 Rf6 31. Qe8+ Kh7 32. Qe2 Rf2 33. Qg4 Qd5+ 34. Rg2 Rf1# 0-1

[Event "*** SCC Grand Prix: Titled Tuesday Blitz"]
[Site "Chess.com"]
[Date "2020.08.11"]
[Round "8"]
[White "Orest_Vovk"]
[Black "ClydeHillKid"]
[Result "1-0"]
[WhiteElo "2455"]
[BlackElo "2324"]
[TimeControl "180+1"]
[EndTime "11:34:00 PDT"]
[Termination "Orest_Vovk won by resignation"]

1. g4 d5 2. h3 e5 3. Bg2 Nc6 4. c4 Be6 5. cxd5 Bxd5 6. Bxd5 Qxd5 7. Nf3 e4 8. Nc3 Qc4 9. Ng5 Nf6 10. Qb3 Qxb3 11. axb3 Nd4 12. Ra4 Nxb3 13. Kd1 Nc5 14. Rc4 Be7 15. Ngxe4 Nfxe4 16. Nxe4 Ne6 17. d3 O-O-O 18.
Be3 b6 19. Kc2 g6 20. g5 Rd5 21. h4 Kb7 22. h5 Nxg5 23. hxg6 fxg6 24. Bd4 Rhd8 25.
Be3 h5 26. Rg1 b5 27. Nxg5 bxc4 28. dxc4 Rf5 29. Ne6 Rg8 30. Nf4 Rg5 31. Ra1 a6 32. Nd5 Rg2 33. Nxe7 Re8 34. Nd5 g5 35. Kd3 h4 36.
Nf6 Re6 37. Ne4 g4 38. Rh1 Re8 39. Rxh4 Rd8+ 40. Kc3 Re8 41. Nc5+ Kc6 42. Rh6+ 1-0

[Event "*** SCC Grand Prix: Titled Tuesday Blitz"]
[Site "Chess.com"]
[Date "2020.08.11"]
[Round "8"]
[White "PIwan"]
[Black "Gabix_94"]
[Result "1-0"]
[WhiteElo "2537"]
[BlackElo "2852"]
[TimeControl "180+1"]
[EndTime "11:34:02 PDT"]
[Termination "PIwan won by resignation"]

1. c4 Nf6 2. Nc3 g6 3. e4 d6 4. d4 Bg7 5. f3 O-O 6. Bg5 c5 7.
d5 e6 8. Qd2 exd5 9. cxd5 a6 10. a4 h6 11. Be3 Re8 12. Nge2 Nh7 13. Ng3 h5 14. Bd3 Nd7 15. f4 Qa5 16. O-O Qb4 17. a5 b5 18. e5 dxe5 19. f5 e4 20. fxg6 fxg6 21. Bxe4 Ne5 22. d6 Ra7 23. Qd5+ Be6 24. Qxc5 Qxc5 25. Bxc5 Rd7 26. Bd5 Nd3 27. Nge4 Nxc5 28.
Nxc5 Bd4+ 29. Kh1 Bxc5 30. Bc6 Red8 31. Bxd7 Rxd7 32. Ne4 Bxd6 33. Nf6+ Nxf6 34. Rxf6 Bf5 35.
Rd1 Be5 36. Rxd7 Bxf6 37. Rd6 Bxb2 38. Rxa6 b4 39. Rb6 Bc3 40. a6 Be4 41. a7 Kf7 42.
h4 Bd4 43. Rxb4 Bxg2+ 44. Kxg2 Bxa7 45. Rb7+ Kf6 46. Rxa7 Kf5 47. Kf3 1-0

[Event "*** SCC Grand Prix: Titled Tuesday Blitz"]
[Site "Chess.com"]
[Date "2020.08.11"]
[Round "8"]
[White "tlomigtlis"]
[Black "serena-maria"]
[Result "0-1"]
[WhiteElo "2412"]
[BlackElo "2289"]
[TimeControl "180+1"]
[EndTime "11:34:02 PDT"]
[Termination "serena-maria won by checkmate"]

1. d4 Nf6 2. c4 g6 3. Nc3 d5 4.
cxd5 Nxd5 5. e4 Nxc3 6. bxc3 Bg7 7. Nf3 c5 8. Be2 Nc6 9. Be3 Bg4 10. Rb1 cxd4 11. cxd4 Bxf3 12. Bxf3 Nxd4 13. Rxb7 Nxf3+ 14. Qxf3 Bc3+ 15. Ke2 Qc8 16. Rb3 Qa6+ 17. Kd1 Qd3+ 18. Kc1 Rc8 19. Bc5 Qxf3 20. gxf3 Rxc5 21. Rd1 O-O 22.
Kb1 Rfc8 23. Rb7 R5c7 24. Rb3 Be5 25. Rbd3 Bxh2 26. Rd8+ Rxd8 27. Rxd8+ Kg7 28. Rd3 Bf4 29. Rb3 e5 30. Kb2 h5 31. a4 h4 32. a5 h3 33. Ra3 Bc1+ 34. Kb3 Bxa3 35. Kxa3 h2 36. a6 h1=Q 37. Kb4 Qxf3 38. Ka5 Qxf2 39. Kb5 Qb6+ 40. Ka4 Rc5 41. Ka3 Ra5# 0-1